 Dungeon Sprint DCSS version 0.26-a0-649-gf8c6c3aab7 (webtiles) character file.

Game seed: 6218850764814186632

1495 sahdkjhfkaj the Stormcaller (level 8, -3/53 HPs)
             Began as a Tengu Air Elementalist on Sept 26, 2020.
             Was a High Priest of Sif Muna.
             Slain by a swamp dragon (13 damage)
             ... in the Dungeon (Sprint VII: "The Pits").
             The game lasted 00:06:44 (2298 turns).

sahdkjhfkaj the Stormcaller (TeAE)                  Turns: 2298, Time: 00:06:44

Health: -3/53      AC:  9    Str: 14    XL:     8   Next: 81%
Magic:  2/21       EV: 16    Int: 18    God:    Sif Muna [*****.]
Gold:   0          SH:  0    Dex: 15    Spells: 16/24 levels left

rFire    . . .     SeeInvis .   r - +0 lajatang (elec)
rCold    . . .     Faith    .   (shield currently unavailable)
rNeg     . . .     Spirit   .   b - +3 scale mail
rPois    .         Reflect  .   (helmet restricted)
rElec    .         Harm     .   (no cloak)
rCorr    .         Rampage  .   (no gloves)
MR       .....     NoTele   +   (boots unavailable)
Stlth    +.........             (no amulet)
HPRegen  0.17/turn              g - +3 ring of strength
MPRegen  0.17/turn              o - +3 ring of strength

@: lethally poisoned (-3 -> -14), flying quickly and evasively, quick
A: beak, talons 3, able to fly
a: Stop Flying, Channel Magic, Forget Spell, Divine Exegesis, Renounce Religion


You were in the Dungeon.
You worshipped Sif Muna.
Sif Muna was extremely pleased with you.
You visited 1 branch

Inventory:

Hand Weapons
 r - a +0 lajatang of electrocution (weapon)
Armour
 b - a +3 scale mail (worn)
Jewellery
 g - a +3 ring of strength (left hand)
 o - a +3 ring of strength (right hand)
Scrolls
 j - 3 scrolls of remove curse
 k - 5 scrolls of amnesia
 m - 2 scrolls of vulnerability
Potions
 c - 8 potions of curing
 d - 9 potions of heal wounds
 e - a potion of haste
 f - 3 potions of magic
 i - 2 potions of invisibility
 n - a potion of brilliance
 p - a potion of resistance
 q - a potion of might


   Skills:
 + Level 7.3 Fighting
 + Level 8.5 Dodging
 - Level 2.6 Stealth
 + Level 8.7 Spellcasting
 - Level 1.6 Conjurations
 * Level 16.2 Air Magic


You had 16 spell levels left.
You knew the following spells:

 Your Spells              Type           Power        Failure   Level
a - Shock                 Conj/Air       ####         1%          1
b - Airstrike             Air            ######....   1%          4
c - Static Discharge      Conj/Air       #####...     3%          3

Your spell library contained the following spells:

 Spells                   Type           Power        Failure   Level
 Swiftness                Air            ######..     1%          2
 Lightning Bolt           Conj/Air       #####.....   28%         5
 Beastly Appendage        Tmut           #.....       38%         1
 Wereblood                Tmut           #.......     52%         2
 Stone Arrow              Conj/Erth      ##....       65%         3
 Call Canine Familiar     Summ           #.......     77%         3
 Confusing Touch          Hex            #.......     77%         3
 Inner Flame              Hex/Fire       #.......     77%         3
 Portal Projectile        Hex/Tloc       #.....       77%         3
 Spider Form              Tmut/Pois      #.........   77%         3
 Ice Form                 Ice/Tmut       #.......     99%         4
 Blade Hands              Tmut           #.........   100%        5


Dungeon Overview and Level Annotations

Branches:
Dungeon (1/1)

Altars:
Ashenzari
Cheibriados
Dithmenos
Elyvilon
Fedhas
Gozag
Hepliaklqana
Kikubaaqudgha
Makhleb
Nemelex Xobeh
Okawaru
Qazlal
Ru
Sif Muna
Trog
Uskayaw
Vehumet
Wu Jian
Xom
Yredelemnul
Zin
The Shining One
Beogh
Jiyva
Lugonu


Innate Abilities, Weirdness & Mutations

You have a beak for a mouth.
You have claws for feet.
You can fly continuously.


Message History

You feel sick.
Casting: Airstrike (dangerous; 1% risk of failure)
Confirm with . or Enter, or press ? or * to list all spells.
Aiming: Airstrike (dangerous; 1% risk of failure)
Press: ? - help, Dir - move target cursor, f/p - swamp dragon
Aim: a swamp dragon (poison gas, heavily wounded, catching its breath)
The air twists around and violently strikes the swamp dragon!!
The swamp dragon is almost dead.
You are engulfed in poison gas.
You are lethally poisoned!
You feel very sick.
The swamp dragon breathes poison at you.
The blast of poison engulfs you!
You are more poisoned.
* * * LOW HITPOINT WARNING * * *
You feel better.
You are engulfed in poison gas.
You are poisoned.
* * * LOW HITPOINT WARNING * * *
x2 You feel sick.
The swamp dragon bites you!
You die... .#..'...#.##.......##..# Ft..

.#..'...'.##.......##5D# F..
)#..########...<...##35#### #+#
.#..'.)))[##.......##..#..#####.#
.#..#.)))[##.......##..#....##...
+###########.......##..'....5#...
.......#..###########..'.3...'...
...#...#.############..'.....#...
...#...#.#....#☼@☼○##..#....##...
.##.##.#)#....#D○☼§##..#..#####.#
...#...#.+....'○.°)##..#### #k#
...#...#+#....#..))##..##..Zk....
.......+.#....#..))##..#......Z..
#################################


You could see a swamp dragon (catching breath).

Vanquished Creatures
  A hellwing (D)
  A jumping spider (D)
  A steam dragon (D)
  A soldier ant (D)
  2 wargs (D)
  A water moccasin (D)
  A floating eye (D)
  A sky beast (D)
  An ogre (D)
  A crocodile (D)
  A scorpion (D)
  A hound (D)
  A worker ant (D)
  A mummy (D)
  2 gnolls (D)
  A white imp (D)
  A ball python (D)
  A bat skeleton (D)
  A giant cockroach (D)
  4 jackals (D)
  A kobold (D)
  A quokka (D)
  3 bats (D)
  A frilled lizard (D)
31 creatures vanquished.

Notes
Turn   | Place    | Note
-------+----------+-------------------------------------------
     0 | D        | sahdkjhfkaj the Tengu Air Elementalist began the quest for
                  | the Orb.
     0 | D        | Reached XP level 1. HP: 10/10 MP: 4/4
    51 | D        | Found a bloodstained altar of Trog.
    51 | D        | Found a shimmering blue altar of Sif Muna.
    51 | D        | Found a viscous altar of Jiyva.
    51 | D        | Found a hazy altar of Hepliaklqana.
    51 | D        | Found an opulent altar of Gozag.
    52 | D        | Found a glowing golden altar of the Shining One.
    52 | D        | Found a glowing silver altar of Zin.
    52 | D        | Found a basalt altar of Yredelemnul.
    52 | D        | Found a shimmering altar of Xom.
    52 | D        | Found an ornate altar of the Wu Jian Council.
    52 | D        | Found a sacrificial altar of Ru.
    52 | D        | Found a stormy altar of Qazlal.
    52 | D        | Found an iron altar of Okawaru.
    52 | D        | Found a sparkling altar of Nemelex Xobeh.
    52 | D        | Found a burning altar of Makhleb.
    52 | D        | Found a blossoming altar of Fedhas.
    52 | D        | Found a white marble altar of Elyvilon.
    52 | D        | Found a shadowy altar of Dithmenos.
    52 | D        | Found a snail-covered altar of Cheibriados.
    53 | D        | Found a radiant altar of Vehumet.
    53 | D        | Found a corrupted altar of Lugonu.
    53 | D        | Found a roughly hewn altar of Beogh.
    54 | D        | Found an ancient bone altar of Kikubaaqudgha.
    54 | D        | Found a hide-covered altar of Uskayaw.
    54 | D        | Found a broken altar of Ashenzari.
    57 | D        | Became a worshipper of Sif Muna the Loreminder
   142 | D        | Reached * piety under Sif Muna
   142 | D        | Reached skill level 5 in Air Magic
   191 | D        | Reached ** piety under Sif Muna
   191 | D        | Reached XP level 2. HP: 11/15 MP: 0/6
   200 | D        | Reached skill level 6 in Air Magic
   202 | D        | Reached *** piety under Sif Muna
   384 | D        | Noticed a water moccasin
   464 | D        | Noticed a floating eye
   467 | D        | Noticed a sky beast
   473 | D        | Paralysed by a floating eye for 4 turns
   477 | D        | Killed a floating eye
   477 | D        | Reached skill level 5 in Spellcasting
   477 | D        | Reached skill level 10 in Air Magic
   477 | D        | Reached XP level 3. HP: 16/19 MP: 1/10
   477 | D        | Reached XP level 4. HP: 20/24 MP: 1/12
   477 | D        | Gained mutation: You can fly continuously. [Tengu growth]
   477 | D        | Reached XP level 5. HP: 23/28 MP: 1/13
   478 | D        | Reached **** piety under Sif Muna
   490 | D        | Learned a level 4 spell: Airstrike
   494 | D        | Learned a level 3 spell: Static Discharge
   603 | D        | Killed a sky beast
   603 | D        | Reached skill level 12 in Air Magic
   603 | D        | Reached XP level 6. HP: 36/36 MP: 3/15
   606 | D        | Killed a water moccasin
   606 | D        | Reached skill level 5 in Dodging
   609 | D        | Reached skill level 13 in Air Magic
   880 | D        | Reached XP level 7. HP: 44/44 MP: 4/18
   967 | D        | Noticed a soldier ant
   986 | D        | Killed a soldier ant
   986 | D        | Reached skill level 5 in Fighting
  1354 | D        | Noticed a warg
  1354 | D        | Noticed a warg
  1359 | D        | Killed a warg
  1359 | D        | Reached skill level 14 in Air Magic
  1386 | D        | Killed a warg
  1386 | D        | Reached ***** piety under Sif Muna
  1386 | D        | Received a gift from Sif Muna
  1482 | D        | Noticed a jumping spider
  1487 | D        | Killed a jumping spider
  1487 | D        | Reached skill level 15 in Air Magic
  1487 | D        | Reached XP level 8. HP: 47/52 MP: 0/21
  1837 | D        | Identified Sif Muna's Primer on Sorcery (Sif Muna gifted it
                  | to you in the Dungeon)
  1837 | D        | Received a gift from Sif Muna
  1955 | D        | Noticed a blink frog
  1955 | D        | Noticed a blink frog
  1955 | D        | Noticed a snapping turtle
  1955 | D        | Noticed a blink frog
  2064 | D        | Noticed a ynoxinul
  2064 | D        | Noticed a hellwing
  2065 | D        | Noticed a swamp dragon
  2294 | D        | Killed a hellwing
  2294 | D        | Reached skill level 16 in Air Magic
  2298 | D        | Slain by a swamp dragon

Illustrated notes

Levels and vault maps discovered:
D:        pitsprint [storerooms_1, entrance_room_1, metal_vault_1, armoury_1,
          mini_pit_1, grid_room_1, main_hall_1, silver_pit, the_coven_1,
          the_vestibule_1, steel_vault_5, golden_pit, hallway_of_sentries,
          crystal_vault_3, iron_vault_1, final_vault]

Skill      XL: |  1  2  3  4  5  6  7  8 |
---------------+-------------------------+-----
Air Magic      | 5 10 12 13 15 16 | 16.2
Spellcasting   | 5 6 8 |  8.7
Fighting       | 2 4 6 7 |  7.3
Dodging        | 4 5 7 8 |  8.5
Stealth        | |  2.6
Conjurations   | |  1.6

Action                   |  1- 3 |  4- 6 |  7- 9 || total
-------------------------+-------+-------+-------++-------
Melee: Quarterstaff      |    11 |    10 |     3 ||    24
       Kick              |     3 |     4 |       ||     7
       Peck              |     1 |     1 |     1 ||     3
       Lajatang          |       |       |     3 ||     3
 Cast: Shock             |    23 |     2 |       ||    25
       Airstrike         |       |     5 |    33 ||    38
       Static Discharge  |       |       |     4 ||     4
 Abil: Fly               |       |       |     1 ||     1
  Use: Potion            |     1 |     1 |     4 ||     6
       Scroll            |       |       |     2 ||     2
Armor: Robe              |     5 |     2 |     4 ||    11
       Scale mail        |       |       |    13 ||    13
Dodge: Dodged            |    26 |     5 |    70 ||   101

Table legend: (Time is in decaauts)
 A = Elapsed time spent in this place.
 B = Non-inter-level travel time spent in this place.
 C = Inter-level travel time spent in this place.
 D = Time resting spent in this place.
 E = Time spent auto-exploring this place.
 F = Levels seen in this place.
 G = Mean time per level.
                   A        B        C        D        E       F      G
               +--------+--------+--------+--------+--------+-----+--------+
         Total |   2325 |   2156 |    169 |   1618 |      0 |   1 | 2325.0 |
       Dungeon |   2325 |   2156 |    169 |   1618 |      0 |   1 | 2325.0 |
               +--------+--------+--------+--------+--------+-----+--------+

Top non-repeatable levels by time:
       D: 2325 daAuts
